NYP
WEST VIRGINIA BLACK BEARS @ STATE COLLEGE SPIKES
08/18/2047
 
TOP OF THE 1ST
West Virginia Black Bears batting - Pitching for State College Spikes : LHP Kurt Sutton
Pitching: LHP Kurt Sutton
Batting: RHB Ken Manser 0-0: Called Strike
0-1: Called Strike
0-2: Ball
1-2: Strikes out swinging
Batting: RHB Dave Fredericks 0-0: Ball
1-0: Called Strike
1-1: Ball
2-1: Ground out 4-3 (Groundball, 13, EV 88.8 MPH)
Batting: RHB Rick Pittman 0-0: Foul Ball, location: 2F
0-1: Foul Ball, location: 2F
0-2: Ball
1-2: Ground out 5-3 (Groundball, 56, EV 110.0 MPH)
Top of the 1st over - 0 runs, 0 hits, 0 errors, 0 left on base; West Virginia 0 - State College 0
BOTTOM OF THE 1ST
State College Spikes batting - Pitching for West Virginia Black Bears : RHP Victor Medina
Pitching: RHP Victor Medina
Batting: RHB Ben Politi 0-0: Ball
1-0: Swinging Strike
1-1: Ball
2-1: Foul Ball, location: 2F
2-2: Foul Ball, location: 2F
2-2: Strikes out swinging
Batting: RHB Pat Scaturro 0-0: Ball
1-0: Foul Ball, location: 2F
1-1: Ball
2-1: Ground out 5-3 (Groundball, 5L, EV 96.9 MPH)
Batting: LHB Ken Morehead 0-0: Ball
1-0: Called Strike
1-1: Ball
2-1: Foul Ball, location: 2F
2-2: Foul Ball, location: 2F
2-2: Ball
3-2: Foul Ball, location: 2F
3-2: Strikes out swinging
Bottom of the 1st over - 0 runs, 0 hits, 0 errors, 0 left on base; West Virginia 0 - State College 0
TOP OF THE 2ND
West Virginia Black Bears batting - Pitching for State College Spikes : LHP Kurt Sutton
Batting: RHB Tom Tate 0-0: Ball
1-0: Ground out 6-3 (Groundball, 6, EV 101.2 MPH)
Batting: SHB Don Hauk 0-0: Called Strike
0-1: Foul Ball, location: 2F
0-2: Foul Ball, location: 2F
0-2: Ball
1-2: Ball
2-2: Strikes out swinging
Batting: RHB Chris Beckham 0-0: Swinging Strike
0-1: Swinging Strike
0-2: Ball
1-2: DOUBLE (Groundball, 5L, EV 103.1 MPH)
Batting: RHB Dan Kurtz 0-0: Called Strike
0-1: Swinging Strike
0-2: Strikes out looking
Top of the 2nd over - 0 runs, 1 hit, 0 errors, 1 left on base; West Virginia 0 - State College 0
BOTTOM OF THE 2ND
State College Spikes batting - Pitching for West Virginia Black Bears : RHP Victor Medina
Batting: LHB Ignacio Ocampo 0-0: Fly out, F7 (Flyball, 7LMF, EV 84.4 MPH)
Batting: SHB Justin Houser 0-0: Ground out 4-3 (Groundball, 4, EV 104.4 MPH)
Batting: LHB Keith Rice 0-0: Ground out 5-3 (Groundball, 25, EV 87.5 MPH)
Bottom of the 2nd over - 0 runs, 0 hits, 0 errors, 0 left on base; West Virginia 0 - State College 0
TOP OF THE 3RD
West Virginia Black Bears batting - Pitching for State College Spikes : LHP Kurt Sutton
Batting: RHB Nick Wilkins 0-0: Ball
1-0: Swinging Strike
1-1: Swinging Strike
1-2: Ball
2-2: Foul Ball, location: 2F
2-2: Ground out 1-3 (Groundball, 34S, EV 70.0 MPH)
Batting: RHB Terrence Wilson 0-0: Foul Ball, location: 2F
0-1: Ground out 6-3 (Groundball, 6, EV 81.9 MPH)
Batting: RHB Ken Manser 0-0: Called Strike
0-1: Called Strike
0-2: Ball
1-2: Strikes out swinging
Top of the 3rd over - 0 runs, 0 hits, 0 errors, 0 left on base; West Virginia 0 - State College 0
BOTTOM OF THE 3RD
State College Spikes batting - Pitching for West Virginia Black Bears : RHP Victor Medina
Batting: RHB Kyle Burns 0-0: Foul Ball, location: 2F
0-1: Ball
1-1: Ball
2-1: Swinging Strike
2-2: Ball
3-2: Fly out, F8 (Flyball, 8RD, EV 94.4 MPH)
Batting: LHB Billy Lang 0-0: Ball
1-0: Ground out 4-3 (Groundball, 4S, EV 83.8 MPH)
Batting: RHB Bobby Miles 0-0: Ball
1-0: Ball
2-0: Ball
3-0: Called Strike
3-1: SINGLE (Line Drive, 6, EV 97.5 MPH)
Batting: RHB Ben Politi 0-0: Ball
Bobby Miles steals 2nd base
1-0: Ground out U3 (Groundball, 34, EV 88.8 MPH)
Bottom of the 3rd over - 0 runs, 1 hit, 0 errors, 1 left on base; West Virginia 0 - State College 0
TOP OF THE 4TH
West Virginia Black Bears batting - Pitching for State College Spikes : LHP Kurt Sutton
Batting: RHB Dave Fredericks 0-0: Swinging Strike
0-1: Ball
1-1: Ball
2-1: Foul Ball, location: 2F
2-2: Strikes out looking
Batting: RHB Rick Pittman 0-0: Swinging Strike
0-1: Swinging Strike
0-2: Ball
1-2: Ground out U3 (Groundball, 3, EV 88.1 MPH)
Batting: RHB Tom Tate 0-0: Ball
1-0: Ground out U3 (Groundball, 34, EV 78.1 MPH)
Top of the 4th over - 0 runs, 0 hits, 0 errors, 0 left on base; West Virginia 0 - State College 0
BOTTOM OF THE 4TH
State College Spikes batting - Pitching for West Virginia Black Bears : RHP Victor Medina
Batting: RHB Pat Scaturro 0-0: Ground out 6-3 (Groundball, 56D, EV 81.2 MPH)
Batting: LHB Ken Morehead 0-0: Foul Ball, location: 2F
0-1: Called Strike
0-2: Ball
1-2: Strikes out swinging
Batting: LHB Ignacio Ocampo 0-0: Ball
1-0: Swinging Strike
1-1: Ball
2-1: Swinging Strike
2-2: Strikes out swinging
Bottom of the 4th over - 0 runs, 0 hits, 0 errors, 0 left on base; West Virginia 0 - State College 0
TOP OF THE 5TH
West Virginia Black Bears batting - Pitching for State College Spikes : LHP Kurt Sutton
Batting: SHB Don Hauk 0-0: Ground out 5-3 (Groundball, 5, EV 84.4 MPH)
Batting: RHB Chris Beckham 0-0: Called Strike
0-1: SINGLE (Groundball, 56D, EV 101.2 MPH)
Batting: RHB Dan Kurtz 0-0: Ball
1-0: Ball
2-0: Called Strike
2-1: Called Strike
2-2: Ball
3-2: Base on Balls
Chris Beckham to second
Batting: RHB Nick Wilkins 0-0: Ball
1-0: Ball
2-0: Called Strike
2-1: Foul Ball, location: 2F
2-2: Foul Ball, location: 2F
2-2: Strikes out looking
Batting: RHB Terrence Wilson 0-0: Swinging Strike
0-1: Swinging Strike
0-2: Ball
1-2: Ball
2-2: Foul Ball, location: 2F
2-2: Strikes out swinging
Top of the 5th over - 0 runs, 1 hit, 0 errors, 2 left on base; West Virginia 0 - State College 0
BOTTOM OF THE 5TH
State College Spikes batting - Pitching for West Virginia Black Bears : RHP Victor Medina
Batting: SHB Justin Houser 0-0: SINGLE (Groundball, 5D, EV 102.5 MPH)
Batting: LHB Keith Rice 0-0: Called Strike
0-1: Ball
1-1: SINGLE (Line Drive, 7S, EV 93.8 MPH)
Justin Houser to second
Batting: RHB Kyle Burns 0-0: Swinging Strike
0-1: Called Strike
0-2: Ball
1-2: Strikes out swinging
Batting: LHB Billy Lang 0-0: Foul Ball, location: 2F
0-1: Ball
1-1: Ball
2-1: Fly out, F8 (Line Drive, 8RD, EV 91.2 MPH)
Batting: RHB Bobby Miles 0-0: Ball
1-0: Ball
2-0: Called Strike
2-1: Called Strike
2-2: Foul Ball, location: 2F
2-2: Strikes out swinging
Bottom of the 5th over - 0 runs, 2 hits, 0 errors, 2 left on base; West Virginia 0 - State College 0
TOP OF THE 6TH
West Virginia Black Bears batting - Pitching for State College Spikes : LHP Kurt Sutton
Batting: RHB Ken Manser 0-0: Called Strike
0-1: Foul Ball, location: 2F
0-2: Ball
1-2: Ball
2-2: Strikes out looking
DELAY Rain delay of 52 minutes in the 6th inning.
Batting: RHB Dave Fredericks 0-0: Ball
1-0: Swinging Strike
1-1: Ball
2-1: Hit by Pitch
Batting: RHB Rick Pittman 0-0: Called Strike
0-1: Ball
1-1: Ball
Wild Pitch!
Dave Fredericks to second
2-1: Ball
3-1: Called Strike
3-2: Fly out, F8 (Line Drive, 78M, EV 97.5 MPH)
Batting: RHB Tom Tate 0-0: Called Strike
0-1: Swinging Strike
0-2: Foul Ball, location: 2F
0-2: Ball
1-2: Foul Ball, location: 2F
1-2: Ball
2-2: Strikes out looking
Top of the 6th over - 0 runs, 0 hits, 0 errors, 1 left on base; West Virginia 0 - State College 0
BOTTOM OF THE 6TH
State College Spikes batting - Pitching for West Virginia Black Bears : RHP Victor Medina
Batting: RHB Ben Politi 0-0: Ground out 5-3 (Groundball, P, EV 81.9 MPH)
Batting: RHB Pat Scaturro 0-0: Ball
1-0: Foul Ball, location: 2F
1-1: Foul Ball, location: 2F
1-2: Ball
2-2: Foul Ball, location: 2F
2-2: Reached on error, E6 (Groundball, 6, EV 89.4 MPH)
Pitching: RHP Xavier Stovall
Batting: LHB Ken Morehead 0-0: Called Strike
0-1: Foul Ball, location: 2F
0-2: Strikes out swinging
Batting: LHB Ignacio Ocampo 0-0: Ball
1-0: Swinging Strike
1-1: Ball
Pat Scaturro is caught stealing 2nd base 2-6
Bottom of the 6th over - 0 runs, 0 hits, 1 error, 0 left on base; West Virginia 0 - State College 0
TOP OF THE 7TH
West Virginia Black Bears batting - Pitching for State College Spikes : LHP Kurt Sutton
Pitching: LHP Bobby Enright
Batting: SHB Don Hauk 0-0: Ball
1-0: Swinging Strike
1-1: Swinging Strike
1-2: Ball
2-2: Strikes out looking
Batting: RHB Chris Beckham 0-0: Ball
1-0: DOUBLE (Line Drive, 89M, EV 93.8 MPH)
Batting: RHB Dan Kurtz 0-0: Ball
Wild Pitch!
Chris Beckham to third
1-0: Called Strike
1-1: Foul Ball, location: 2F
1-2: Ball
2-2: Foul Ball, location: 2F
2-2: Fly out, F7 (Flyball, 78S, EV 86.2 MPH)
Batting: RHB Nick Wilkins 0-0: SINGLE (Groundball, 34D, EV 105.6 MPH)
Chris Beckham scores
Batting: RHB Terrence Wilson 0-0: Ball
1-0: Called Strike
1-1: Swinging Strike
1-2: Fly out, F7 (Flyball, 7D, EV 78.1 MPH)
Top of the 7th over - 1 run, 2 hits, 0 errors, 1 left on base; West Virginia 1 - State College 0
BOTTOM OF THE 7TH
State College Spikes batting - Pitching for West Virginia Black Bears : RHP Xavier Stovall
Batting: LHB Ignacio Ocampo 0-0: Ball
1-0: Foul Ball, location: 2F
1-1: Called Strike
1-2: Strikes out swinging
Batting: SHB Justin Houser 0-0: Ball
1-0: Ball
2-0: Ball
3-0: Called Strike
3-1: Swinging Strike
3-2: Strikes out swinging
Batting: LHB Keith Rice 0-0: Ball
1-0: Ball
2-0: Swinging Strike
2-1: Ball
3-1: Base on Balls
Batting: RHB Kyle Burns 0-0: Called Strike
0-1: Ground out 1-3 (Groundball, 13, EV 68.1 MPH)
Bottom of the 7th over - 0 runs, 0 hits, 0 errors, 1 left on base; West Virginia 1 - State College 0
TOP OF THE 8TH
West Virginia Black Bears batting - Pitching for State College Spikes : LHP Bobby Enright
Batting: RHB Ken Manser 0-0: Called Strike
0-1: Ball
1-1: Ball
2-1: Foul Ball, location: 2F
2-2: Ball
3-2: Foul Ball, location: 2F
3-2: Strikes out swinging
Batting: RHB Dave Fredericks 0-0: Ball
1-0: Called Strike
1-1: Called Strike
1-2: Ground out 5-3 (Groundball, 56S, EV 80.6 MPH)
Batting: RHB Rick Pittman 0-0: Swinging Strike
0-1: Ball
1-1: Swinging Strike
1-2: Strikes out looking
Top of the 8th over - 0 runs, 0 hits, 0 errors, 0 left on base; West Virginia 1 - State College 0
BOTTOM OF THE 8TH
State College Spikes batting - Pitching for West Virginia Black Bears : RHP Xavier Stovall
Batting: LHB Billy Lang 0-0: Ball
1-0: Called Strike
1-1: Ball
2-1: Ball
3-1: Fly out, F7 (Flyball, 7LS, EV 94.4 MPH)
Batting: RHB Bobby Miles 0-0: Called Strike
0-1: Foul Ball, location: 2F
0-2: Ball
1-2: TRIPLE (Flyball, 89XD, EV 99.4 MPH)
Pitching: RHP Joel Olausson
Batting: RHB Ben Politi 0-0: Bunted foul
0-1: Bunted foul
0-2: Strikes out looking
Batting: RHB Pat Scaturro 0-0: Ball
1-0: Ball
2-0: Ball
Wild Pitch!
Bobby Miles scores
3-0: Called Strike
3-1: Foul Ball, location: 2F
3-2: Base on Balls
Batting: LHB Ken Morehead 0-0: Ball
1-0: Called Strike
1-1: Called Strike
Pat Scaturro steals 2nd, throwing error, E2
Pat Scaturro to third
1-2: Ball
2-2: 2-RUN HOME RUN (Flyball, 9D, EV 98.1 MPH), Distance : 368 ft
Batting: LHB Ignacio Ocampo 0-0: Called Strike
0-1: Swinging Strike
0-2: Strikes out swinging
Bottom of the 8th over - 3 runs, 2 hits, 1 error, 0 left on base; West Virginia 1 - State College 3
TOP OF THE 9TH
West Virginia Black Bears batting - Pitching for State College Spikes : LHP Bobby Enright
Pitching: LHP Paul Fuller
Now in LF: Hank Arias
Batting: RHB Tom Tate 0-0: Foul Ball, location: 2F
0-1: Called Strike
0-2: Strikes out swinging
Batting: SHB Don Hauk 0-0: Fly out, F8 (Flyball, 8RM, EV 93.1 MPH)
Batting: RHB Chris Beckham 0-0: Ground out 5-3 (Groundball, 56, EV 83.1 MPH)
Top of the 9th over - 0 runs, 0 hits, 0 errors, 0 left on base; West Virginia 1 - State College 3
Thursday, December 15th , 2022 - OOTP Baseball 23.9 Build 102